 Dungeon Crawl Stone Soup version 0.23.2-33-g5129a83184 (webtiles) character file.

Game seed: 9739826431750974905

42 psyvane the Chopper (level 3, 0/24 HPs)
             Began as a Halfling Skald on July 20, 2019.
             Slain by a gnoll
             ... wielding a cursed -2 club
              (3 damage)
             ... on level 1 of the Dungeon.
             The game lasted 00:04:08 (1009 turns).

psyvane the Chopper (Halfling Skald)                Turns: 1009, Time: 00:04:08

Health: 0/24       AC:  4    Str: 18    XL:     3   Next: 80%
Magic:  1/5        EV: 14    Int:  9    God:
Gold:   104        SH:  0    Dex: 13    Spells: 1/5 levels left

rFire    . . .     SeeInvis .   a - +0 hand axe
rCold    . . .     Gourm    .   (shield restricted)
rNeg     . . .     Faith    .   b - +0 leather armour
rPois    .         Spirit   .   f - +0 helmet
rElec    .         Reflect  .   (no cloak)
rCorr    .         Harm     .   (no gloves)
MR       .....                  (no boots)
Stlth    +.........             (no amulet)
HPRegen  0.08/turn              g - +5 ring of strength
MPRegen  0.09/turn              k - -2 ring of intelligence (curse)

@: infused (expiring), very slightly contaminated
A: small, mutation resistance 1
a: no special abilities


You were on level 1 of the Dungeon.
You were not hungry.

You visited 1 branch of the dungeon, and saw 2 of its levels.

You collected 104 gold pieces.

Inventory:

Hand Weapons
 a - a +0 hand axe (weapon)
 i - a +1 dagger of speed
Armour
 b - a +0 leather armour (worn)
 f - a +0 helmet (worn)
Jewellery
 g - a +5 ring of strength (left hand)
 k - a cursed -2 ring of intelligence (right hand)
Potions
 c - a potion of might {unknown}
 e - 2 potions of lignification
 h - a potion of agility
 l - a potion of curing {unknown}
Comestibles
 d - 6 rations
 j - a chunk of flesh


   Skills:
 - Level 1.7 Fighting
 - Level 3.4 Axes
 - Level 1.1 Armour
 - Level 2.1 Dodging
 - Level 1.5 Spellcasting
 * Level 1.1 Hexes
 - Level 3.2 Charms


You had one spell level left.
You knew the following spells:

 Your Spells              Type           Power        Failure   Level  Hunger
a - Infusion              Chrm           #...         11%         1    ##.....
b - Spectral Weapon       Hex/Chrm       #.......     45%         3    ####...

Your spell library contained the following spells:

 Spells                   Type           Power        Failure   Level  Hunger
 Song of Slaying          Chrm           #.......     16%         2    ###....
 Shroud of Golubria       Chrm/Tloc      #.........   32%         2    ###....
 Regeneration             Chrm/Necr      #.........   54%         3    ####...


Dungeon Overview and Level Annotations

Branches:
Dungeon (2/15)

Altars:


Innate Abilities, Weirdness & Mutations

You are small and have problems with some larger weapons.
You are somewhat resistant to further mutation.


Message History

* * * LOW HITPOINT WARNING * * *
You are too injured to fight recklessly!
You barely miss the gnoll.
The gnoll is moderately wounded.
The gnoll hits you with a cursed -2 club.
* * * LOW HITPOINT WARNING * * *
You barely miss the gnoll.
The gnoll is moderately wounded.
The gnoll misses you.
You barely miss the gnoll.
The gnoll is moderately wounded.
The gnoll hits you but does no damage.
You barely miss the gnoll.
The gnoll is moderately wounded.
The gnoll closely misses you.
You barely miss the gnoll.
The gnoll is moderately wounded.
Your magical infusion is running out.
The gnoll hits you with a cursed -2 club.
You die...

#...# #.# #####.###.## ##..# #.#
#...#.#.÷.#. #..# #.#
#.#...#)###. ###..###.###
########...##
#..........#####.###........
#...........................
#...#...##...###...)........
#######.....g...#...........
########.....##.@....#...........
.........######......#..........#
.......### #..................
....÷.## #......#.........##
....†.#########..........#....###
.....................#......###
......#########......#......#
......# ########...#### ......#
#...#


You could see a gnoll.

Vanquished Creatures
  A worm (D:2)
  3 dart slugs (D:1)
  2 leopard geckos (D:1)
  A giant cockroach (D:1)
  3 goblins (D:1)
  2 hobgoblins (D:1)
  7 jackals (D:1)
  A ball python (D:1)
  A bat (D:1)
  5 frilled lizards (D:1)
  2 kobolds (D:1)
  3 rats (D:1)
31 creatures vanquished.

Notes
Turn   | Place    | Note
-------+----------+-------------------------------------------
     0 | D:1      | psyvane the Halfling Skald began the quest for the Orb.
     0 | D:1      | Reached XP level 1. HP: 14/14 MP: 3/3
    58 | D:1      | Reached XP level 2. HP: 10/19 MP: 0/4
   343 | D:1      | Reached XP level 3. HP: 16/24 MP: 1/5
   491 | D:1      | Learned a level 3 spell: Spectral Weapon
   835 | D:1      | Reached skill level 1 in Hexes
  1009 | D:1      | Slain by a gnoll

Skill      XL: |  1  2  3 |
---------------+----------+-----
Axes           | 3 |  3.4
Hexes          | 1 |  1.1
Fighting       | |  1.7
Armour         | |  1.1
Dodging        | |  2.1
Spellcasting   | |  1.5
Charms         | |  3.2

Action                   || total
-------------------------++-------
Melee: Hand axe          ||    87
 Cast: Infusion          ||     9
  Use: Scroll            ||     3
  Eat: Chunk             ||     1
Armor: Leather armour    ||    20
Dodge: Dodged            ||    78
